General information
- name: BNet
- type: Ladder team game (AT/RT)
- host: Battle.net
- saver: RuffleFeathers
map: TwilightRuins
- players: 8
- length: 96:41
- speed: Fast
- version: 1.26 W3XP
- replay type: Public
» download(320 KB)
Players
team 1 (winner)

»
midnitetoker90 (
green | 51 APM | 1835 actions | 36:04)
8 Warden
3 Shadow Strike
2 Fan of Knives
2 Blink
1 Spirit of Vengeance
» actions
| Assign group hotkey | 22 | |
| Build / train | 75 | |
| Enter build submenu | 27 | |
| Enter hero's abilities submenu | 9 | |
| Give item / drop item | 2 | |
| Remove unit from queue | 2 | |
| Right click | 741 | |
| Select / deselect | 385 | |
| Select group hotkey | 519 | |
| Use ability | 52 | |
1835 total
» units
| Wisp | 25 | |
| Archer | 1 | |
| Huntress | 4 | |
| Chimaera | 18 | |
| Hippogryph | 1 | |
49 total
» upgrades
| Ultravision | 1 | |
| Strength of the Moon | 1 | |
| Strength of the Wild | 3 | |
| Corrosive Breath | 1 | |
| Reinforced Hides | 3 | |
9 total
» buildings
| Altar of Elders | 1 | |
| Moon Well | 8 | |
| Ancient of War | 1 | |
| Ancient of Wonders | 1 | |
| Hunter's Hall | 1 | |
| Tree of Ages | 1 | |
| Ancient of Wind | 1 | |
| Tree of Eternity | 1 | |
| Tree of Life | 5 | |
| Chimaera Roost | 3 | |
| Ancient Protector | 4 | |
27 total
» build order
00:20 Altar of Elders
00:26 Moon Well
00:38 Ancient of War
01:36 Moon Well
02:01 Ancient of Wonders
02:25 Hunter's Hall
02:40 Moon Well
03:22 Tree of Ages
05:46 Ancient of Wind
05:50 Moon Well
06:28 Tree of Eternity
07:01 Tree of Life
08:55 Chimaera Roost
08:57 Chimaera Roost
09:02 Chimaera Roost
11:09 Moon Well
11:16 Moon Well
12:10 Moon Well
12:13 Moon Well
13:35 Ancient Protector
14:17 Ancient Protector
14:22 Ancient Protector
26:07 Tree of Life
26:55 Ancient Protector
28:00 Tree of Life
33:13 Tree of Life
33:27 Tree of Life
» items
| Scroll of Healing | 2 | |
| Boots of Speed | 1 | |
| Scroll of Town Portal | 1 | |
4 total
RuffleFeathers (
red | 43 APM | 4171 actions | 96:41)
10 Archmage
3 Summon Water Elemental
3 Brilliance Aura
1 Mass Teleport
3 Blizzard
» actions
| Assign group hotkey | 44 | |
| Basic commands | 155 | |
| Build / train | 129 | |
| Enter build submenu | 75 | |
| Enter hero's abilities submenu | 10 | |
| Give item / drop item | 23 | |
| Remove unit from queue | 1 | |
| Right click | 1536 | |
| Select / deselect | 734 | |
| Select group hotkey | 778 | |
| Use ability | 686 | |
4171 total
» units
| Peasant | 12 | |
| Footman | 5 | |
| Goblin Shredder | 2 | |
| Gryphon Rider | 9 | |
| Goblin Zeppelin | 4 | |
| Goblin Sapper | 17 | |
| Siege Engine | 5 | |
| Dragonhawk Rider | 6 | |
60 total
» upgrades
| Masonry | 3 | |
| Storm Hammers | 1 | |
| Swords | 3 | |
| Armor | 3 | |
| Animal War Training | 1 | |
| Cloud | 1 | |
| Magic Sentry | 1 | |
| Gunpowder | 3 | |
| Plating | 3 | |
| Barrage | 1 | |
20 total
» buildings
| Altar of Kings | 1 | |
| Barracks | 1 | |
| Farm | 16 | |
| Arcane Vault | 2 | |
| Keep | 2 | |
| Lumber Mill | 1 | |
| Town Hall | 13 | |
| Scout Tower | 44 | |
| Castle | 2 | |
| Gryphon Aviary | 4 | |
| Guard Tower | 11 | |
| Blacksmith | 2 | |
| Arcane Sanctum | 1 | |
| Workshop | 2 | |
102 total
» build order
00:37 Altar of Kings
00:39 Barracks
00:53 Farm
00:54 Farm
01:06 Farm
01:37 Farm
03:09 Arcane Vault
03:37 Keep
03:46 Lumber Mill
04:24 Town Hall
05:00 Farm
05:42 Scout Tower
05:51 Scout Tower
05:53 Scout Tower
05:55 Scout Tower
05:58 Scout Tower
06:38 Castle
06:49 Scout Tower
06:50 Scout Tower
06:51 Scout Tower
06:53 Scout Tower
06:55 Scout Tower
07:53 Gryphon Aviary
07:55 Gryphon Aviary
07:58 Gryphon Aviary
08:02 Gryphon Aviary
08:06 Guard Tower
08:22 Town Hall
08:25 Scout Tower
08:25 Scout Tower
08:26 Scout Tower
08:27 Scout Tower
08:28 Scout Tower
08:29 Scout Tower
08:30 Scout Tower
08:32 Scout Tower
08:45 Blacksmith
08:48 Blacksmith
09:41 Guard Tower
11:05 Guard Tower
11:08 Guard Tower
16:52 Scout Tower
16:52 Scout Tower
16:53 Scout Tower
16:54 Scout Tower
16:55 Scout Tower
16:56 Scout Tower
16:57 Scout Tower
16:57 Scout Tower
16:59 Scout Tower
17:00 Scout Tower
17:00 Scout Tower
17:01 Scout Tower
17:02 Scout Tower
17:07 Scout Tower
17:08 Scout Tower
17:08 Scout Tower
17:41 Town Hall
17:44 Scout Tower
17:45 Scout Tower
17:45 Scout Tower
17:46 Scout Tower
17:48 Scout Tower
17:50 Scout Tower
17:51 Scout Tower
17:52 Scout Tower
17:52 Scout Tower
18:14 Guard Tower
18:17 Guard Tower
18:24 Scout Tower
18:45 Guard Tower
19:02 Guard Tower
19:06 Guard Tower
19:47 Arcane Vault
19:52 Guard Tower
23:49 Guard Tower
23:53 Arcane Sanctum
33:33 Workshop
33:35 Workshop
42:05 Town Hall
42:11 Town Hall
49:10 Town Hall
50:07 Keep
55:57 Town Hall
56:27 Castle
61:22 Town Hall
70:39 Farm
70:39 Farm
70:42 Farm
70:44 Farm
70:46 Farm
70:49 Farm
70:58 Farm
71:00 Farm
71:02 Farm
71:06 Farm
71:08 Farm
74:44 Town Hall
74:53 Town Hall
74:59 Town Hall
76:17 Town Hall
85:38 Town Hall
» items
| Scroll of Regeneration | 6 | |
| Periapt of Vitality | 5 | |
| Scroll of Town Portal | 3 | |
| Mechanical Critter | 3 | |
| Potion of Invisibility | 3 | |
| Potion of Healing | 2 | |
22 total
hog_hunters (
blue | 10 APM | 861 actions | 84:36)
5 Demon Hunter
3 Immolation
2 Evasion
» actions
| Build / train | 89 | |
| Enter build submenu | 31 | |
| Enter hero's abilities submenu | 5 | |
| Remove unit from queue | 4 | |
| Right click | 378 | |
| Select / deselect | 302 | |
| Use ability | 52 | |
861 total
» units
» upgrades
| Strength of the Wild | 3 | |
| Reinforced Hides | 3 | |
| Abolish Magic | 1 | |
7 total
» buildings
| Moon Well | 18 | |
| Altar of Elders | 1 | |
| Ancient of Wonders | 1 | |
| Ancient of War | 1 | |
| Hunter's Hall | 1 | |
| Tree of Ages | 1 | |
| Tree of Life | 3 | |
| Ancient of Lore | 2 | |
| Tree of Eternity | 1 | |
29 total
» build order
00:07 Moon Well
00:27 Altar of Elders
00:54 Moon Well
01:21 Ancient of Wonders
01:54 Moon Well
02:13 Ancient of War
03:01 Hunter's Hall
03:10 Moon Well
04:20 Moon Well
05:17 Moon Well
06:11 Tree of Ages
06:21 Moon Well
07:41 Moon Well
07:56 Tree of Life
09:06 Moon Well
09:46 Ancient of Lore
09:49 Ancient of Lore
10:04 Moon Well
10:06 Tree of Eternity
11:21 Moon Well
12:27 Moon Well
13:26 Moon Well
14:53 Moon Well
17:42 Moon Well
18:37 Moon Well
19:31 Moon Well
20:39 Moon Well
25:10 Tree of Life
26:51 Tree of Life
Khager (
pink | 16 APM | 1414 actions | 88:41)
5 Tauren Chieftain
3 Shockwave
2 Endurance Aura
3 Far Seer
1 Feral Spirit
2 Chain Lighting
» actions
| Assign group hotkey | 6 | |
| Basic commands | 110 | |
| Build / train | 48 | |
| ESC pressed | 1 | |
| Enter build submenu | 20 | |
| Enter hero's abilities submenu | 9 | |
| Right click | 422 | |
| Select / deselect | 606 | |
| Select group hotkey | 98 | |
| Use ability | 92 | |
1414 total
» units
| Peon | 5 | |
| Grunt | 10 | |
| Shaman | 2 | |
| Raider | 4 | |
| Troll Witch Doctor | 1 | |
| Spirit Walker | 2 | |
24 total
» upgrades
| Melee Weapons | 2 | |
| Armor | 2 | |
| Berserker Strength | 1 | |
| Spirit Walker Training | 1 | |
| Witch Doctor Training | 1 | |
7 total
» buildings
| Altar of Storms | 2 | |
| Barracks | 2 | |
| Orc Burrow | 14 | |
| Voodoo Lounge | 1 | |
| War Mill | 1 | |
| Stronghold | 1 | |
| Beastiary | 1 | |
| Spirit Lodge | 1 | |
| Fortress | 1 | |
| Great Hall | 1 | |
25 total
» build order
00:03 Altar of Storms
00:06 Barracks
00:17 Orc Burrow
02:38 Orc Burrow
02:48 Voodoo Lounge
04:39 War Mill
04:44 Stronghold
05:02 Orc Burrow
08:04 Beastiary
08:07 Spirit Lodge
08:42 Orc Burrow
10:17 Orc Burrow
11:17 Orc Burrow
13:11 Orc Burrow
16:49 Fortress
16:52 Orc Burrow
24:39 Great Hall
24:42 Barracks
24:44 Altar of Storms
24:46 Orc Burrow
24:46 Orc Burrow
24:46 Orc Burrow
24:47 Orc Burrow
24:48 Orc Burrow
24:48 Orc Burrow
» items
| Healing Salve | 1 | |
| Lesser Clarity Potion | 2 | |
| Scroll of Regeneration | 1 | |
| Orb of Fire | 1 | |
5 total
team 2 (loser)
P0RCHMONKEY-LOL (
orange | 35 APM | 3388 actions | 96:40)
10 Blademaster
3 Wind Walk
3 Critical Strike
1 Bladestorm
3 Mirror Image
6 Shadow Hunter
2 Hex
3 Healing Wave
1 Big Bad Voodoo
» actions
| Assign group hotkey | 109 | |
| Basic commands | 56 | |
| Build / train | 93 | |
| Enter build submenu | 39 | |
| Enter hero's abilities submenu | 16 | |
| Give item / drop item | 11 | |
| Remove unit from queue | 1 | |
| Right click | 1412 | |
| Select / deselect | 414 | |
| Select group hotkey | 978 | |
| Use ability | 259 | |
3388 total
» units
| Peon | 12 | |
| Goblin Shredder | 2 | |
| Wind Rider | 4 | |
| Troll Batrider | 3 | |
| Raider | 2 | |
23 total
» upgrades
| Reinforced Defenses | 1 | |
| Ranged Weapons | 2 | |
| Envenomed Spears | 1 | |
| Armor | 2 | |
| Ensnare | 1 | |
| Pillage | 1 | |
8 total
» buildings
| Altar of Storms | 1 | |
| Orc Burrow | 11 | |
| War Mill | 2 | |
| Voodoo Lounge | 2 | |
| Watch Tower | 51 | |
| Stronghold | 2 | |
| Great Hall | 3 | |
| Fortress | 2 | |
| Beastiary | 4 | |
78 total
» build order
00:08 Altar of Storms
00:18 Orc Burrow
00:42 War Mill
01:06 Voodoo Lounge
01:57 Watch Tower
02:23 Watch Tower
03:12 Stronghold
03:20 Watch Tower
03:45 Orc Burrow
04:07 Great Hall
04:46 Orc Burrow
05:35 Fortress
05:58 Watch Tower
06:13 Watch Tower
06:15 Watch Tower
06:16 Watch Tower
06:20 Watch Tower
06:20 Watch Tower
06:21 Watch Tower
06:32 Watch Tower
06:57 Beastiary
07:11 Watch Tower
07:12 Watch Tower
07:38 Beastiary
08:24 Beastiary
08:33 Watch Tower
08:34 Watch Tower
08:35 Watch Tower
08:36 Watch Tower
09:00 Watch Tower
10:31 War Mill
10:38 Orc Burrow
10:40 Orc Burrow
11:04 Watch Tower
11:05 Watch Tower
11:05 Watch Tower
11:07 Watch Tower
11:07 Watch Tower
11:08 Watch Tower
14:28 Watch Tower
14:28 Watch Tower
14:43 Watch Tower
14:44 Watch Tower
14:48 Watch Tower
14:48 Watch Tower
14:49 Watch Tower
14:50 Watch Tower
15:04 Watch Tower
15:05 Watch Tower
15:21 Watch Tower
15:22 Watch Tower
15:22 Watch Tower
15:40 Watch Tower
15:41 Watch Tower
15:43 Watch Tower
15:43 Watch Tower
16:53 Watch Tower
16:53 Watch Tower
17:44 Orc Burrow
18:18 Orc Burrow
18:19 Orc Burrow
20:16 Watch Tower
20:16 Watch Tower
22:39 Beastiary
26:51 Great Hall
29:23 Great Hall
29:26 Watch Tower
29:27 Watch Tower
30:45 Watch Tower
30:46 Watch Tower
30:46 Watch Tower
32:28 Stronghold
33:04 Voodoo Lounge
35:10 Orc Burrow
35:10 Orc Burrow
35:10 Orc Burrow
38:36 Fortress
» items
| Healing Salve | 5 | |
| Scroll of Regeneration | 4 | |
| Staff of Sanctuary | 1 | |
| Tiny Great Hall | 1 | |
| Scroll of Town Portal | 5 | |
| Orb of Lightning | 1 | |
| Lesser Clarity Potion | 3 | |
| Potion of Healing | 1 | |
| Staff of Teleportation | 2 | |
| Potion of Lesser Invulnerability | 2 | |
| Potion of Mana | 1 | |
| Claws of Attack +9 | 3 | |
| Potion of Invulnerability | 1 | |
| Pendant of Energy | 1 | |
| Potion of Invisibility | 3 | |
| Health Stone | 1 | |
35 total
HEY_ARNOLD (
purple | 11 APM | 913 actions | 84:27)
1 Blademaster
1 Wind Walk
» actions
| Assign group hotkey | 4 | |
| Basic commands | 41 | |
| Build / train | 103 | |
| Enter build submenu | 10 | |
| Enter hero's abilities submenu | 2 | |
| Give item / drop item | 8 | |
| Remove unit from queue | 6 | |
| Right click | 445 | |
| Select / deselect | 248 | |
| Select group hotkey | 11 | |
| Use ability | 33 | |
913 total
» units
» upgrades
» buildings
| Orc Burrow | 7 | |
| Altar of Storms | 1 | |
| War Mill | 1 | |
| Voodoo Lounge | 1 | |
10 total
» build order
01:35 Orc Burrow
01:41 Altar of Storms
01:51 Orc Burrow
01:59 War Mill
02:12 Voodoo Lounge
05:10 Orc Burrow
07:11 Orc Burrow
07:14 Orc Burrow
07:16 Orc Burrow
07:47 Orc Burrow
» items
| Healing Salve | 2 | |
| Lesser Clarity Potion | 3 | |
| Scroll of Speed | 2 | |
| Scroll of Town Portal | 1 | |
| Orb of Fire | 1 | |
| Potion of Healing | 1 | |
10 total

»
KBurny825 (
yellow | 32 APM | 449 actions | 14:13)
3 Blood Mage
2 Flame Strike
1 Siphon Mana
2 Paladin
1 Holy Light
1 Devotion Aura
2 Archmage
1 Summon Water Elemental
1 Brilliance Aura
» actions
| Build / train | 66 | |
| Enter build submenu | 21 | |
| Enter hero's abilities submenu | 7 | |
| Right click | 164 | |
| Select / deselect | 158 | |
| Use ability | 33 | |
449 total
» units
| Peasant | 22 | |
| Footman | 3 | |
| Gryphon Rider | 7 | |
| Knight | 5 | |
| Dragonhawk Rider | 3 | |
40 total
» upgrades
| Swords | 2 | |
| Plating | 1 | |
| Masonry | 3 | |
| Lumber Harvesting | 1 | |
| Storm Hammers | 1 | |
8 total
» buildings
| Farm | 7 | |
| Altar of Kings | 1 | |
| Barracks | 1 | |
| Lumber Mill | 1 | |
| Blacksmith | 1 | |
| Keep | 1 | |
| Scout Tower | 4 | |
| Town Hall | 1 | |
| Guard Tower | 2 | |
| Arcane Vault | 1 | |
| Castle | 1 | |
| Gryphon Aviary | 2 | |
23 total
» build order
00:39 Farm
00:54 Altar of Kings
01:06 Farm
01:15 Barracks
01:40 Lumber Mill
01:48 Farm
02:17 Blacksmith
02:40 Farm
03:16 Keep
03:33 Scout Tower
04:37 Town Hall
04:51 Farm
04:54 Guard Tower
05:36 Arcane Vault
05:43 Castle
06:32 Gryphon Aviary
06:50 Farm
06:56 Gryphon Aviary
08:57 Farm
09:48 Scout Tower
09:56 Scout Tower
10:01 Scout Tower
12:21 Guard Tower
joshua222 (
teal | 29 APM | 1033 actions | 35:16)
6 Archmage
2 Summon Water Elemental
2 Blizzard
1 Brilliance Aura
1 Mass Teleport
» actions
| Basic commands | 34 | |
| Build / train | 95 | |
| Enter build submenu | 40 | |
| Enter hero's abilities submenu | 6 | |
| Remove unit from queue | 2 | |
| Right click | 299 | |
| Select / deselect | 497 | |
| Use ability | 60 | |
1033 total
» units
| Peasant | 17 | |
| Footman | 9 | |
| Mortar Team | 9 | |
| Flying Machine | 23 | |
| Knight | 2 | |
60 total
» upgrades
| Gunpowder | 2 | |
| Masonry | 2 | |
| Armor | 2 | |
| Flare | 1 | |
| Fragmentation Shards | 1 | |
| Lumber Harvesting | 2 | |
| Flak Cannons | 1 | |
| Flying Machine Bombs | 1 | |
12 total
» buildings
| Altar of Kings | 1 | |
| Farm | 15 | |
| Barracks | 1 | |
| Lumber Mill | 1 | |
| Scout Tower | 14 | |
| Arcane Tower | 1 | |
| Guard Tower | 11 | |
| Blacksmith | 1 | |
| Arcane Vault | 2 | |
| Keep | 1 | |
| Castle | 1 | |
| Workshop | 2 | |
51 total
» build order
00:11 Altar of Kings
00:30 Farm
00:49 Barracks
01:00 Farm
01:55 Lumber Mill
02:02 Scout Tower
02:20 Farm
02:32 Arcane Tower
02:36 Scout Tower
03:00 Farm
03:04 Scout Tower
03:06 Guard Tower
03:27 Scout Tower
03:30 Guard Tower
04:01 Blacksmith
04:04 Guard Tower
04:45 Arcane Vault
04:50 Arcane Vault
04:54 Keep
06:09 Farm
06:18 Farm
06:50 Farm
07:03 Scout Tower
07:15 Castle
07:35 Workshop
07:38 Workshop
07:41 Guard Tower
08:51 Farm
08:55 Farm
09:47 Farm
09:50 Farm
10:25 Farm
10:35 Farm
11:16 Farm
11:19 Farm
18:07 Scout Tower
18:35 Scout Tower
18:37 Guard Tower
19:04 Guard Tower
21:40 Scout Tower
21:44 Scout Tower
21:47 Scout Tower
22:21 Guard Tower
22:24 Scout Tower
23:08 Guard Tower
23:40 Scout Tower
24:22 Guard Tower
24:25 Scout Tower
25:05 Guard Tower
25:09 Scout Tower
25:47 Guard Tower
Chat log
(00:10 / All) RuffleFeathers: I like you purple
(00:14 / All) RuffleFeathers: But I don't like you like you
(00:29 / All) RuffleFeathers: his grandpa literally was a dickhead
(00:29 / Allies) Khager: what the -?
(00:36 / Allies) Khager: haha
(01:38 / All) HEY_ARNOLD: lol
(02:55 / Allies) RuffleFeathers: gold?
(04:56 / All) HEY_ARNOLD: you knew the secret all along, teal
(05:00 / All) HEY_ARNOLD: and you never stay where you belong
(08:08 / Allies) RuffleFeathers: lumber
(08:17 / Allies) RuffleFeathers: ty
(08:21 / Allies) Khager: np
(09:08 / All) RuffleFeathers: water ele is a faggot
(09:15 / All) P0RCHMONKEY-LOL: who?
(09:17 / All) RuffleFeathers: I wanted it to tank damage when I a moved it went back to let the melee first
(13:59 / All) KBurny825: purple tked by the way..
(14:18 / Allies) Khager: half of the game i was afk
(14:23 / All) HEY_ARNOLD: STOOP KID'S GONNA LEAVE HIS STOOP
(14:27 / All) HEY_ARNOLD: STOOP KID'S GONNA LEAVE HIS STOOP
(14:28 / Allies) hog_hunters: haha
(14:36 / Allies) Khager: stoop
(19:48 / Allies) midnitetoker90: need aa
(20:14 / Allies) Khager: help
(20:59 / Allies) Khager: help
(21:06 / Allies) midnitetoker90: we just need to kill them now
(21:12 / Allies) midnitetoker90: dont need our bases
(21:20 / Allies) Khager: no spirit lodge!!!!
(21:44 / Allies) midnitetoker90: towers?
(22:18 / All) P0RCHMONKEY-LOL: lol
(22:48 / Allies) midnitetoker90: attack
(22:55 / Allies) midnitetoker90: they got nothing
(23:04 / Allies) Khager: i hope so
(23:11 / Allies) midnitetoker90: some wyvs..
(23:39 / Allies) midnitetoker90: help blue?
(23:53 / Allies) hog_hunters: ready
(25:27 / Allies) midnitetoker90: attack
(25:35 / Allies) midnitetoker90: hes over there
(25:39 / Allies) RuffleFeathers: thought we were attacking top
(25:43 / Allies) midnitetoker90: please do fucking something
(25:46 / Allies) midnitetoker90: yes go
(25:51 / Allies) midnitetoker90: 3v1
(25:51 / Allies) RuffleFeathers: melee first
(25:54 / Allies) midnitetoker90: fucking go
(28:01 / Allies) hog_hunters: gg
(28:18 / Allies) Khager: we lost?
(28:36 / Allies) hog_hunters: I have no gold left and no gold mind
(28:38 / Allies) midnitetoker90: 23k gold
(28:43 / Allies) midnitetoker90: 5k wood
(28:46 / Allies) midnitetoker90: why we lost
(28:56 / Allies) midnitetoker90: tanks
(29:00 / Allies) midnitetoker90: best aa
(29:07 / Allies) Khager: he should give u guys some money
(29:45 / Allies) midnitetoker90: gold red?
(29:57 / Allies) Khager: np
(30:46 / Allies) Khager: red make griffans or tanks
(31:11 / Allies) Khager: spirit walker
(32:55 / All) P0RCHMONKEY-LOL: voo doo!
(33:02 / Allies) Khager: i see u
(33:34 / All) P0RCHMONKEY-LOL: teal is so god damn useless
(33:52 / All) Khager: i lost my walker
(34:41 / All) Khager: red noooo what r u doing
(34:51 / Allies) RuffleFeathers: getting some tanks
(35:10 / All) Khager: why u killing green
(35:15 / Allies) RuffleFeathers: huh
(35:24 / All) P0RCHMONKEY-LOL: lol
(35:30 / All) P0RCHMONKEY-LOL: teal gets told their team is tking
(35:32 / All) P0RCHMONKEY-LOL: and he leaves
(35:41 / All) Khager: ur blowing up red using goblins
(35:49 / All) RuffleFeathers: aw
(35:53 / All) RuffleFeathers: I was about to bring about 6 tanks up there
(36:10 / All) P0RCHMONKEY-LOL: VOOD OO
(37:11 / All) Khager: red u evil bastard O_O
(37:16 / All) P0RCHMONKEY-LOL: for a really low well game i sure had to work hard, then again it was 1v3
(37:19 / All) RuffleFeathers: I am the law
(37:28 / All) Khager: some law
(37:42 / Allies) hog_hunters: as long as we win idc what you have to do lol
(37:43 / All) P0RCHMONKEY-LOL: what is he doing, pink?
(37:52 / All) Khager: kill his teamates
(37:57 / All) P0RCHMONKEY-LOL: wtf why
(37:58 / All) Khager: green
(38:22 / All) Khager: oj what u doing?
(38:28 / All) P0RCHMONKEY-LOL: what u mean
(38:47 / All) P0RCHMONKEY-LOL: wut happened to ur base pik i never saw anyone attack u
(38:54 / All) Khager: why did ur wyverns turn around and attack
(39:06 / All) P0RCHMONKEY-LOL: what
(39:09 / All) P0RCHMONKEY-LOL: u mean??
(39:10 / All) Khager: i attack teal
(39:13 / All) Khager: but lost army
(39:21 / All) P0RCHMONKEY-LOL: y u tk?
(39:31 / All) Khager: tk?
(40:00 / Allies) hog_hunters: hey red wanna spot me somg gold lol
(40:26 / All) P0RCHMONKEY-LOL: if red tk u then why did ur tauren chieftain attack me pink?
(40:51 / All) Khager: beacuse u attack me first
(41:07 / All) P0RCHMONKEY-LOL: i don't understand ur logic
(41:22 / All) Khager: you and ur wyverns kill my shmans and raiders
(41:35 / All) Khager: but i am srry 4 attcking u
(41:52 / All) P0RCHMONKEY-LOL: i accept your apology, but do not understand why you tked red
(42:01 / All) Khager: tked?
(42:06 / All) Khager: what zat mean
(42:09 / All) P0RCHMONKEY-LOL: u said u fought red
(42:34 / All) Khager: fought him no he suicided green and didnt help me fight teal
(42:58 / All) Khager: left me blue and green to get killed by wyverns
(43:10 / All) Khager: picked us apart
(43:28 / All) RuffleFeathers: He sounds like some guy
(43:29 / All) hog_hunters: Sounds about right
(43:33 / All) P0RCHMONKEY-LOL: it was still 2v1 LOL
(43:34 / All) RuffleFeathers: The most interesting man in the world
(43:37 / All) P0RCHMONKEY-LOL: u guys should have beat me
(43:43 / All) Khager: i am just a kid
(43:51 / All) P0RCHMONKEY-LOL: age has nothing to do with it
(44:04 / All) P0RCHMONKEY-LOL: i am 450 pounds, that doesn't stop me
(44:20 / All) Khager: it doesnt u plowed 3 of our armys
(44:32 / All) Khager: with those towers wyverns and mortes
(44:34 / All) P0RCHMONKEY-LOL: finally i get credit
(44:41 / All) P0RCHMONKEY-LOL: teal didn't do shit man lol
(44:42 / All) P0RCHMONKEY-LOL: he was afk
(44:52 / All) Khager: but those damn towers
(45:01 / All) hog_hunters: I think red is about to kick your ass though lol
(45:32 / All) hog_hunters: He has 42k in gold and 7k in wood lol
(45:57 / All) Khager: oj if i loss this game my clan leader will get mad at me but i am rooting for u
(46:03 / All) P0RCHMONKEY-LOL: what clan
(46:08 / All) Khager: TDL
(46:24 / All) Khager: join TDL we r pretty good :FD
(46:26 / All) P0RCHMONKEY-LOL: why would ur leader get mad?
(46:28 / All) Khager: *:D*
(46:50 / All) Khager: i have more losses than wins
(48:09 / All) Khager: noo oj
(48:48 / All) P0RCHMONKEY-LOL: red is good _^ _
(49:49 / All) P0RCHMONKEY-LOL: shit ton of hp
(51:01 / All) Khager: becarful oj
(51:42 / All) P0RCHMONKEY-LOL: i will
(51:49 / All) Khager: k
(52:03 / All) RuffleFeathers: I'm going to y our clan channel after game
(52:04 / All) Khager: np :)
(52:11 / All) RuffleFeathers: and tell them you've been spying on me to help the opposing team
(52:16 / All) P0RCHMONKEY-LOL: what clan?
(52:22 / All) Khager: TDL
(52:44 / All) RuffleFeathers: You've been peaking around bushes and behind trees or else yo ucouldn't have known it
(52:53 / All) HEY_ARNOLD: LOL
(52:57 / All) HEY_ARNOLD: THIS GAME IS STILL GOING ON?
(53:05 / All) Khager: what the i can see the entire map
(53:13 / All) P0RCHMONKEY-LOL: yes it is purple
(53:19 / All) Khager: i got no need 4 bushes and trees
(53:20 / All) P0RCHMONKEY-LOL: The Dark Legion
(53:23 / All) P0RCHMONKEY-LOL: =tdl
(53:28 / All) Khager: and besides u betrayed us red
(53:33 / All) Khager: yep
(53:42 / All) RuffleFeathers: You gotta crack some eggs to make an omelette
(53:59 / All) Khager: but can u block ?
(54:12 / All) hog_hunters: Red are building any units?
(54:20 / All) hog_hunters: you
(54:53 / All) Khager: go to chat CLAN TDL all caps :)
(54:56 / All) RuffleFeathers: how good are you at this game pink
(55:02 / All) Khager: there u can join
(55:03 / All) HEY_ARNOLD: lol
(55:04 / All) P0RCHMONKEY-LOL: im looking forward to the jaguars texans game tomorrow
(55:17 / All) P0RCHMONKEY-LOL: u may control my shadow hunter purple
(55:21 / All) RuffleFeathers: texans have been a big disappointment
(55:28 / All) P0RCHMONKEY-LOL: and raiders
(55:39 / Allies) RuffleFeathers: Think you can take me, punk?
(55:52 / All) P0RCHMONKEY-LOL: ur clan leader has an impressive record
(55:54 / All) P0RCHMONKEY-LOL: pink
(55:59 / All) Khager: thanks
(56:00 / All) HEY_ARNOLD: what's his acc name?
(56:05 / All) Khager: acc?
(56:14 / All) HEY_ARNOLD: account
(56:15 / All) P0RCHMONKEY-LOL: Venhail
(56:15 / All) RuffleFeathers: Why you little
(56:18 / All) P0RCHMONKEY-LOL: profile Venhail
(56:29 / All) HEY_ARNOLD: ok
(56:39 / All) Khager: Ven hail has been a friend for a while
(56:56 / All) P0RCHMONKEY-LOL: he is very good at wc3
(56:56 / All) HEY_ARNOLD: the hell?
(57:00 / All) HEY_ARNOLD: that isn't impressive
(57:07 / All) HEY_ARNOLD: he has more losses than wins
(57:09 / All) Khager: why not hes good at human
(57:22 / All) RuffleFeathers: It's pretty good
(57:34 / All) RuffleFeathers: He gets 7731st place on the ladder
(57:53 / All) Khager: thats good i think
(57:58 / All) HEY_ARNOLD: lol
(58:10 / All) P0RCHMONKEY-LOL: u should be proud to have him as a leader pink
(58:12 / All) P0RCHMONKEY-LOL: i envy u
(58:19 / All) P0RCHMONKEY-LOL: u and ur family name
(58:26 / All) Khager: u can have him as a leader too
(58:31 / All) Khager: i think
(58:39 / All) P0RCHMONKEY-LOL: what are reqs? 38%
(58:42 / All) P0RCHMONKEY-LOL: ?
(58:44 / All) HEY_ARNOLD: lol
(58:54 / All) Khager: if u join i would be really glad u joined
(58:54 / All) HEY_ARNOLD: low standards
(59:34 / All) RuffleFeathers: Want some? Get some
(59:44 / All) P0RCHMONKEY-LOL: how much gold u got red
(59:56 / All) Khager: hes got alot of gold
(61:07 / All) RuffleFeathers: dhawks kept not attacking
(61:19 / All) Khager: why?
(61:29 / All) RuffleFeathers: cuz elves are stupid
(61:43 / All) RuffleFeathers: Around elves, WATCH YOURSELVES
(61:56 / All) Khager: red why dont u get another hero
(62:00 / All) Khager: why just one
(62:08 / All) RuffleFeathers: One is all you need
(62:10 / All) P0RCHMONKEY-LOL: i have 4k gold beat that red!
(63:00 / All) Khager: dashing through the snow get the fuck out of my way
(63:18 / All) Khager: u r all so slow how much do u weigh
(63:37 / All) HEY_ARNOLD: this year just kind of.. flew by
(63:40 / All) RuffleFeathers: There's still gold to collect, I mean to have it all
(63:42 / All) HEY_ARNOLD: can't believe it's christmas already
(63:50 / All) Khager: i know huh
(64:02 / All) HEY_ARNOLD: i guess the years do get faster as you grow older
(64:07 / All) Khager: yep
(64:15 / All) Khager: someone attack someone
(64:16 / All) HEY_ARNOLD: each day is just another day down the toilet unless you make something of yourself
(64:25 / All) Khager: yeah
(64:37 / All) RuffleFeathers: Pretty soon you'll be a withering geriatric counting down the mere days till you're rotting flesh in a hole in teh ground
(64:49 / All) HEY_ARNOLD: i mean here we are
(64:52 / All) Khager: yeah.... wait what!!!!!
(64:53 / All) HEY_ARNOLD: playing a very outdated game
(64:57 / All) HEY_ARNOLD: wasting our lives awawy
(64:59 / All) HEY_ARNOLD: *away
(65:03 / All) RuffleFeathers: Outdated by whose standards?
(65:07 / All) RuffleFeathers: It's cutting edge in my country
(65:10 / All) HEY_ARNOLD: by years
(65:17 / All) Khager: awwaaayy awwaayy
(65:19 / All) HEY_ARNOLD: came out in 2002
(65:26 / All) hog_hunters: haha blizzard needs to come out with 4
(65:33 / All) Khager: 4?
(65:44 / All) hog_hunters: warcraft 4
(65:46 / All) HEY_ARNOLD: 4 was discussed at a conference meeting
(65:54 / All) HEY_ARNOLD: and was recently mentioned in a blizzard interview
(66:01 / All) Khager: the next game is probably WoW
(66:06 / All) HEY_ARNOLD: they said the idea always gets brought up
(66:07 / All) hog_hunters: It better not be
(66:07 / All) RuffleFeathers: In Quadling country this is the top game
(66:23 / All) Khager: cool i must move O_O
(66:24 / All) P0RCHMONKEY-LOL: to answer ur question pink
(66:27 / All) P0RCHMONKEY-LOL: i am 450 pounds
(66:34 / All) HEY_ARNOLD: once their finished with the current line-up of projects, they'll consider a warcraft 4
(66:46 / All) Khager: i didnt ask a question
(66:47 / All) hog_hunters: Im ready for the 4th...they should get it out when the warcraft movie comes out
(67:13 / All) Khager: theres a warcraft movie !!!
(67:20 / All) HEY_ARNOLD: they're working on one
(67:23 / All) hog_hunters: March 11, 2016
(67:34 / All) HEY_ARNOLD: i think if they can continue the warcraft story in a movie, they should be able to in wc4
(67:38 / All) P0RCHMONKEY-LOL: colin farrel
(67:40 / All) P0RCHMONKEY-LOL: is acting in it
(68:02 / All) hog_hunters: It was suppose to be December 28th, 2015 but they didnt want to compete with the new star wars movie
(68:27 / All) Khager: star wars movie i am gunna see it probably
(68:37 / All) P0RCHMONKEY-LOL: me 2
(68:39 / All) P0RCHMONKEY-LOL: i love sci fi
(68:40 / All) RuffleFeathers: That's because it's for children
(68:42 / All) hog_hunters: ya for sure im just hoping it doesnt suck
(68:54 / All) RuffleFeathers: it's not really scifi
(68:54 / All) Khager: 3v1 red u lose
(68:55 / All) RuffleFeathers: it's fantasy
(68:58 / All) P0RCHMONKEY-LOL: lol
(69:03 / All) RuffleFeathers: with high tech gadgets
(69:08 / All) Khager: so
(69:10 / All) hog_hunters: Can someone finish it lol
(69:14 / All) P0RCHMONKEY-LOL: planet tatoinee had 2 suns that made it sci fi
(69:14 / All) Khager: its awesome
(69:24 / All) Khager: yeah
(70:02 / All) Khager: red he owned u
(70:05 / All) P0RCHMONKEY-LOL: why do u want it to end blue
(70:10 / All) RuffleFeathers: how do you figure
(70:14 / All) HEY_ARNOLD: orange doesn't know how to hex/ww
(70:15 / All) HEY_ARNOLD: ...
(70:21 / All) RuffleFeathers: He right clicked with a blademaster and hexed
(70:31 / All) Khager: haha
(70:47 / All) Khager: red get a orb
(70:53 / All) RuffleFeathers: lawl
(70:55 / All) P0RCHMONKEY-LOL: do not judge me, i am not called the 450 pound whale for nothing
(70:59 / All) Khager: u know u want to
(71:14 / All) Khager: get it red GET IT
(72:14 / All) hog_hunters: Please hurry and kick his ass red lol
(72:27 / All) Khager: red u have 75 million drops of gold u greedy little man go go go
(72:42 / All) RuffleFeathers: but that's not all of it!
(72:57 / All) Khager: aaaarrrrgggghhhh!!!!!!
(72:58 / All) hog_hunters: I gotta get up early for the stock market so please hurry lol
(73:06 / All) P0RCHMONKEY-LOL: stock market?
(73:09 / All) P0RCHMONKEY-LOL: its only mid night
(73:17 / All) Khager: i have to go to school tomarrow hurry up
(73:24 / All) hog_hunters: I know but pre-market trading starts at 8
(73:49 / All) P0RCHMONKEY-LOL: what country u live in blue
(73:54 / All) hog_hunters: U.S
(73:58 / All) Khager: so do i
(74:02 / All) P0RCHMONKEY-LOL: stock market?
(74:05 / All) P0RCHMONKEY-LOL: why get up for that
(74:06 / All) Khager: yep
(74:13 / All) hog_hunters: money money money
(74:16 / All) hog_hunters: lol
(74:17 / All) Khager: haha
(74:36 / All) Khager: red u r so close hurry up
(74:37 / All) HEY_ARNOLD: blue
(74:39 / All) HEY_ARNOLD: you invest in stock?
(74:43 / All) hog_hunters: Yes sir
(74:53 / All) HEY_ARNOLD: have you ever lost any money doing that?
(74:59 / All) HEY_ARNOLD: i'd like to talk to you after game, if you don't mind
(75:02 / All) P0RCHMONKEY-LOL: isn't it insider trading to talk about it in a video game
(75:10 / All) Khager: lol
(75:11 / All) RuffleFeathers: lawl
(75:20 / All) HEY_ARNOLD: blue, have you?
(75:22 / All) RuffleFeathers: it's only if you have knowledge from teh company
(75:25 / All) hog_hunters: ya a little bit when i first started
(75:28 / All) Khager: red hurry up u
(75:33 / All) HEY_ARNOLD: how much have you made?
(75:48 / All) P0RCHMONKEY-LOL: u can't ask people about info that is illegal
(76:02 / All) hog_hunters: Tesla made me a fortune lol now im jumping to PLUG
(76:03 / All) Khager: its legal in a video game :d
(76:10 / All) HEY_ARNOLD: blue
(76:11 / All) Khager: D
(76:12 / All) HEY_ARNOLD: how much have you made
(76:17 / All) HEY_ARNOLD: from the stock market
(76:19 / All) P0RCHMONKEY-LOL: bliz has the technology to see our chat
(76:26 / All) Khager: oh noooooo
(76:29 / All) hog_hunters: Alot lol
(76:29 / All) Khager: oh well
(76:43 / All) RuffleFeathers: I'm reporting pink for insensitive remarks
(76:44 / All) Khager: hurry up red finish game already
(76:57 / All) Khager: what have i said red
(77:00 / All) P0RCHMONKEY-LOL: why so eager
(77:08 / All) hog_hunters: Orange keeps dispearing on him lol
(77:19 / All) hog_hunters: Purp why you interested?
(77:29 / All) Khager: hes a hacker
(77:33 / All) RuffleFeathers: You made insensitive remarks to Quadlings
(77:35 / All) P0RCHMONKEY-LOL: who
(77:46 / All) RuffleFeathers: Pink did
(77:49 / All) Khager: Quadlings huh what zat
(78:01 / All) hog_hunters: Purp is a hacker? lol
(78:11 / All) Khager: no its a joke
(78:19 / All) Khager: or is it
(78:26 / All) Khager: dun dun dun
(78:27 / All) hog_hunters: haha we will never know
(78:30 / All) HEY_ARNOLD: blue because
(78:34 / All) HEY_ARNOLD: im learning how to invest in stock
(78:37 / All) HEY_ARNOLD: and what to invest in
(78:40 / All) Khager: ooooooooooooooo
(78:41 / All) RuffleFeathers: You called us redskins like we were tomatoes, and said Gloria the Good Witch of the South was a bitch
(78:52 / All) Khager: what the when
(79:09 / All) Khager: but that was funny red
(79:15 / All) hog_hunters: Its alot of fun purp for sure if you know what your doing lol
(79:24 / All) HEY_ARNOLD: have you made a lot of money?
(80:02 / All) P0RCHMONKEY-LOL: i personally think he's full of shit
(80:04 / All) Khager: red? what u doing ?
(80:08 / All) Khager: who
(80:10 / All) hog_hunters: Ya not as much as i could have but when i started i sucked. Right now the stock called plug looks to be a huge money maker soon
(80:24 / All) P0RCHMONKEY-LOL: if one were to invest in anything, it should be men's bras for huskies like myself
(80:26 / All) HEY_ARNOLD: well what do you invest in
(80:28 / All) HEY_ARNOLD: what stock
(80:29 / All) HEY_ARNOLD: ?
(80:42 / All) P0RCHMONKEY-LOL: men's bras
(80:44 / All) hog_hunters: I invested in tesla and sprint, siri
(80:48 / All) Khager: woah!
(81:11 / All) P0RCHMONKEY-LOL: pink is only 11 yrs old we can't talk about sexual things like bras
(81:15 / All) P0RCHMONKEY-LOL: have to maintain order here
(81:18 / All) Khager: i am 13
(81:31 / All) RuffleFeathers: How long have you been a memmber of bangbros
(81:32 / All) Khager: so u know -_-
(81:39 / All) Khager: who
(81:52 / All) RuffleFeathers: So much slaughter
(82:01 / All) Khager: fiish
(82:04 / All) RuffleFeathers: oh well, I'll to put in an advertisement for new peons
(82:08 / All) HEY_ARNOLD: blue can you help me get started in stock?
(82:25 / All) P0RCHMONKEY-LOL: pink how much gold does red have
(82:28 / All) P0RCHMONKEY-LOL: click on his building
(82:34 / All) Khager: alot of alot
(82:50 / All) Khager: to keep him runnig a endless train of foot man
(82:53 / All) HEY_ARNOLD: if he could convert his gold to US currency, would he be rich?
(83:05 / All) Khager: yes sir ee bob
(83:15 / All) RuffleFeathers: how much is an ounce of gold
(83:22 / All) RuffleFeathers: 1000 American dollars?
(83:23 / All) Khager: 100
(83:25 / All) P0RCHMONKEY-LOL: anybody get any Christmas shopping done yet
(83:27 / All) RuffleFeathers: I'd have many trillions
(83:33 / All) Khager: no i am a kid
(83:34 / All) HEY_ARNOLD: not yet orange, still got to
(83:58 / All) P0RCHMONKEY-LOL: pink do u peek in your parent's closet for presents
(83:59 / All) Khager: red what u up to
(84:03 / All) hog_hunters: Well im leaving folks lol it was nice chatting/playing with you guys
(84:09 / All) Khager: sometimes i mean no
(84:15 / All) HEY_ARNOLD: blue lets go to channel
(84:17 / All) HEY_ARNOLD: to discuss stock
(84:24 / All) hog_hunters: haha im going to bed lol
(84:59 / All) Khager: oj leave and come join CLAN TDL
(85:00 / All) RuffleFeathers: Purple really just wanted to cyber, he was on to you
(85:46 / All) Khager: so oj what do u say :D do u want to join tdl
(86:10 / All) Khager: :)
(86:30 / All) P0RCHMONKEY-LOL: yes i do
(86:37 / All) Khager: :)
(86:45 / All) Khager: then lets go
(86:47 / All) P0RCHMONKEY-LOL: i am not 43% like ur clan leader tho. how did get that good?
(87:08 / All) Khager: alot of games and practice probably
(87:39 / All) Khager: me gunna leave go to channel wn low caps i meet u there and talk ok
(87:41 / All) RuffleFeathers: Oh shit
(87:45 / All) RuffleFeathers: Purple left
(87:52 / All) Khager: so
(88:04 / All) RuffleFeathers: That means you must lose
(88:32 / All) Khager: see u guys later oj meet me t wn k bye
(88:38 / All) Khager: wn rember
(96:15 / All) RuffleFeathers: Ended up with 94,790
(96:26 / All) RuffleFeathers: Was in upkeep for too long